 Dungeon Crawl Stone Soup version 0.29.0-15-g675c0067aa (webtiles) character file.

Game seed: 302824610137011210

37 qw the Sneak (level 3, -3/23 HPs)
             Began as a Gargoyle Delver on Sept 11, 2022.
             Slain by a gnoll
             ... wielding a +0 scythe
              (6 damage)
             ... on level 4 of the Dungeon.
             The game lasted 00:00:06 (269 turns).

qw the Sneak (Gargoyle Delver)                       Turns: 269, Time: 00:00:07

Health: -3/23      AC:  6    Str: 17    XL:     3   Next: 41%
Magic:  3/3        EV: 11    Int: 10    God:
Gold:   0          SH:  0    Dex: 11    Spells: 2/2 levels left

rFire   . . .      SeeInvis .   a - +0 hand axe
rCold   . . .      Faith    .   (no shield)
rNeg    + . .      Spirit   .   b - +0 leather armour
rPois   inf        Reflect  .   (no helmet)
rElec   +          Harm     .   (no cloak)
rCorr   .          Rampage  .   (no gloves)
Will    .....                   (no boots)
Stlth   +++.......              (no amulet)
HPRegen 0.07/turn               (no ring)
MPRegen 0.08/turn               (no ring)

@: no status effects
A: sickness immunity, AC +3, negative energy resistance 1, electricity
resistance, torment resistance 1, petrification resistance
a: no special abilities


You were on level 4 of the Dungeon.
You visited 1 branch of the dungeon, and saw 2 of its levels.


Innate Abilities, Weirdness & Mutations

You are immune to sickness and miasma.
Your stone body is resilient. (AC +3)
You are immune to poison.
You resist negative energy. (rN+)
You are resistant to electric shocks. (rElec)
You are resistant to unholy torment.
You are immune to petrification.


   Skills:
 - Level 3.2 Fighting
 + Level 3.4 Axes
 - Level 1.5 Dodging
 - Level 5.4 Stealth


You had 2 spell levels left.
You didn't know any spells.
Your spell library was empty.

Inventory:

Hand Weapons
 a - a +0 hand axe (weapon)
Armour
 b - a +0 leather armour (worn)
Jewellery
 e - the ring of Eqeronk {Str+6 Int+5}
   (You took it off a hobgoblin on level 4 of the Dungeon)

   [ring of strength]

   Str:       It affects your strength (+6).
   Int:       It affects your intelligence (+5).
Wands
 g - a wand of digging (3)
Scrolls
 d - a scroll of identify {unknown}
Potions
 c - a potion of berserk rage {unknown}
 f - a potion of haste
 h - a potion of might {unknown}

Dungeon Overview and Level Annotations

Branches:
Dungeon (5/15)
 Temple: D:4-7

Altars:


Message History

The hound barely misses you. The hound bites you but does no damage.
You hit the hound.
The hound is almost dead.
The hound misses you. x2
You hit the hound but do no damage.
The hound is almost dead.
The hound bites you. The hound barely misses you.
You hit the hound.
You kill the hound!
Your Axes skill increases to level 3!
You have reached level 2!
You have reached level 3!
Your experience leads to an increase in your attributes!
Increase (S)trength, (I)ntelligence, or (D)exterity?
You feel stronger. x2
You hit the hobgoblin.
The hobgoblin is heavily wounded.
The hobgoblin barely misses you. The hobgoblin closely misses you.
You hit the hobgoblin.
You kill the hobgoblin!
You start resting.
HP restored.
e - the ring of Eqeronk {Str+6 Int+5}
Found a stone staircase leading down.
Enter note:
There is a stone staircase leading down here.
Found 8 stones.
You see here 8 stones.
h - a sapphire potion
Enter note: You open the door. 2 hobgoblins and 2 gnolls come into view.
The gnoll shouts!
The hobgoblin shouts! x2
The hobgoblin barely misses you. The gnoll barely misses you.
The hobgoblin hits you with a +0 scythe.
The gnoll hits you with a +0 scythe! The gnoll hits you with a +0 scythe.
The hobgoblin closely misses you.
There is an open door here.
You barely miss the gnoll. You hit the gnoll. You hit the hobgoblin.
The hobgoblin barely misses you. The gnoll hits you with a +0 scythe.
You die...

#.#.######
..###.#.######
..............
..###.#.######
#........#
############.......
#.g.#.........###..
#ggg#...###...# #
##@##...###...#
#...#..>......#
#...###.###.....
##.####.###.#.###
#..##...#....#
#..#...........
###..(...........
#....#.....###.##
#.##.##...#... #


You could see 2 gnolls and 2 hobgoblins.

Vanquished Creatures
  A hound (D:4)
  A dart slug (D:4)
  2 hobgoblins (D:4)
  A goblin (D:4)
5 creatures vanquished.

Notes
Turn   | Place    | Note
-------+----------+-------------------------------------------
     0 | D:5      | qw the Gargoyle Delver began the quest for the Orb.
     0 | D:5      | Reached XP level 1. HP: 14/14 MP: 1/1
     0 | D:5      | 0 ||| qw: Version: 0.1-a-118-gb4e7ce6
     0 | D:5      | 0 ||| qw: Game counter: 10514
     0 | D:5      | 0 ||| qw: Always use a shield: true
     0 | D:5      | 0 ||| qw: God list: Okawaru
     0 | D:5      | 0 ||| qw: Allow faded altars: false
     0 | D:5      | 0 ||| qw: Do Orc after D:15 true
     0 | D:5      | 0 ||| qw: Do second Lair branch before Depths: true
     0 | D:5      | 0 ||| qw: Lair rune preference: random
     0 | D:5      | 0 ||| qw: Plans: Normal
     0 | D:5      | 0 ||| PLANNING D:1-11
     0 | D:5      | 0 ||| DROPPING scroll of fog.
     1 | D:5      | 1 ||| DROPPING scroll of magic mapping.
     2 | D:5      | 2 ||| DROPPING scroll of fear.
   125 | D:4      | Noticed a hound
   136 | D:4      | Identified the ring of Eqeronk {Str+6 Int+5}
   140 | D:4      | Killed a hound
   141 | D:4      | Reached skill level 3 in Axes
   141 | D:4      | Reached XP level 2. HP: 14/19 MP: 2/2
   141 | D:4      | Reached XP level 3. HP: 17/23 MP: 3/3
   268 | D:4      | HP: 3/23 [gnoll/+0 scythe (4)]
   269 | D:4      | Slain by a gnoll

Levels and vault maps discovered:
D:4:      layout_loops_ring, mainiacjoe_overflow_surrounded_room, sigmund_army
D:5:      layout_gridville, portal_sewer_entry_d, kennysheep_donut

Skill      XL: |  1 |
---------------+----+-----
Axes           | 3 |  3.4
Fighting       | |  3.2
Dodging        | |  1.5
Stealth        | |  5.4

Action                   || total
-------------------------++-------
Melee: Hand axe          ||    22
Armor: Leather armour    ||     5
Dodge: Dodged            ||    19

Table legend:
 A = Non-vault XP
 B = Vault XP
 C = Vault XP percentage of total XP
 D = Non-vault monster count
 E = Vault monster count
 F = Vault count percentage of total count
                 A         B        C        D         E       F
            +---------+---------+-------+---------+---------+-------
      Total |      54 |       0 |   0.0 |       5 |       0 |   0.0
            +---------+---------+-------+---------+---------+-------
        D:4 |      54 |       0 |   0.0 |       5 |       0 |   0.0
            +---------+---------+-------+---------+---------+-------
